 Dungeon Crawl Stone Soup version 0.32-a0-699-g1ee5eff69a (webtiles) character file.

Game seed: 11376934391733386368

286 BeKind the Chiller (level 6, -1/32 HPs)
             Began as an Octopode Ice Elementalist on Mar 13, 2024.
             Was a Follower of Hepliaklqana.
             Slain by an ogre
             ... wielding a +0 giant club
              (33 damage)
             ... on level 4 of the Dungeon.
             The game lasted 00:04:18 (2717 turns).

BeKind the Chiller (Octopode Ice Elementalist)      Turns: 2717, Time: 00:04:18

Health: -1/32      AC:  1    Str:  7    XL:     6   Next: 30%
Magic:  10/10      EV: 13    Int: 20    God:    Hepliaklqana [*.....]
Gold:   231        SH:  0    Dex: 12    Spells: 4/11 levels left

rFire   . . .        e - +0 dagger (drain)
rCold   . . .        (no shield)
rNeg    . . .        (helmet restricted)
rPois   .            (no amulet)
rElec   .            (no ring)
rCorr   .            (no ring)
SInv    .            (no ring)
Will    .....        (no ring)
Stlth   +++          (no ring)
HPRegen 0.25/turn    (no ring)
MPRegen 0.12/turn    (no ring)
                     (no ring)

%: no passive effects
@: no status effects
A: reduced essence, almost no armour, amphibious, 8 rings, camouflage 1,
gelatinous body 1, (nimble swimmer 1), tentacles
a: Renounce Religion, Recall Ancestor, Ancestor Identity


You were on level 4 of the Dungeon.
You worshipped Hepliaklqana.
Hepliaklqana was aware of your devotion.
You visited 1 branch of the dungeon, and saw 4 of its levels.

You collected 231 gold pieces.

Inventory:

Hand Weapons
 b - a +0 dagger
 e - a +0 dagger of draining (weapon)
Scrolls
 f - 4 scrolls of identify {unknown}
 g - a scroll of enchant weapon {unknown}
 j - a scroll of vulnerability {unknown}
 k - a scroll of blinking {unknown}
 l - a scroll of acquirement {unknown}
 m - a scroll of teleportation {unknown}
Potions
 a - a potion of magic
 c - a potion of might {unknown}
 d - 5 potions of brilliance {unknown}
 h - a potion of lignification {unknown}
 i - 4 potions of curing {unknown}
 n - a potion of heal wounds {unknown}


   Skills:
 + Level 3.5 Dodging
 - Level 3.0 Stealth
 + Level 3.2 Spellcasting
 * Level 3.0 Summonings
 + Level 4.9 Ice Magic


You had 4 spell levels left.
You knew the following spells:

 Your Spells              Type           Power      Damage    Failure   Level
a - Freeze                Ice            92%        1d9       1%          1
b - Summon Ice Beast      Ice/Summ       19%        N/A       9%          3
c - Frozen Ramparts       Ice            46%        1d7       5%          3

Your spell library contained the following spells:

 Spells                   Type           Power      Damage    Failure   Level
 Ozocubu's Armour         Ice            23%        N/A       5%          3
 Summon Lightning Spire   Summ/Air       9%         N/A       58%         4
 Metabolic Englaciation   Hex/Ice        6%         N/A       80%         5
 Alistair's Intoxication  Alch           2%         N/A       98%         5
 Borgnjor's Vile Clutch   Necr/Erth      1%         N/A       98%         5
 Lee's Rapid Deconstruct  Erth           1%         3d4*      98%         5
 Eringya's Noxious Bog    Alch           1%         4d6       100%        6
 Animate Armour           Summ/Erth      Unusable   N/A       N/A         4

Dungeon Overview and Level Annotations

Branches:
Dungeon (4/15)             Temple (0/1) D:4

Altars:
Dithmenos
Fedhas
Gozag
Hepliaklqana
Kikubaaqudgha
Makhleb
Nemelex Xobeh
Sif Muna
Uskayaw

Shops:
D:3 =**


Innate Abilities, Weirdness & Mutations

Your life essence is reduced to manifest your ancestor. (-10% HP)
You cannot wear most types of armour.
You are amphibious.
You can wear up to eight rings at the same time.
Your skin changes colour to match your surroundings (Stealth+).
Your rubbery body absorbs attacks. (AC +1, EV +1)
((You are camouflaged when in or above water. (Stealth+)))
You have tentacles for arms and can constrict up to eight enemies at once.


Message History

Naoschotz hits the howler monkey.
You hit the howler monkey but do no damage.
You drain the howler monkey. You grab the howler monkey.
You squeeze the howler monkey.
The howler monkey is heavily wounded.
You constrict the howler monkey.
The howler monkey hoots and howls with incredible vigour!
Naoschotz hits the howler monkey.
You hear an angry hiss.
You hit the howler monkey but do no damage.
You squeeze the howler monkey, but do no damage.
The howler monkey is severely wounded.
You constrict the howler monkey.
You kill the howler monkey!
Your Summonings skill increases to level 3!
No target in view!
No target in view!
No target in view!
You see here a hobgoblin corpse.
You open the door.
There is an open door here.
Found a stone staircase leading down.
There is a stone staircase leading down here.
You now have 231 gold pieces (gained 21).
You swap places.
You open the door.
There is an open door here.
You open the door.
An endoplasm comes into view.
There is an open door here.
An endoplasm is nearby!
An ogre comes into view. It is wielding a +0 giant club.
The helpless endoplasm fails to defend itself.
You puncture the endoplasm!
You kill the endoplasm!
Naoschotz hits the ogre.
The ogre hits you with a +0 giant club!!
Ouch! That really hurt!
You die...
Hepliaklqana delivers you to your ancestors.

...#....#............#
. +....######.......#
#.........#.......#
#.........#.......#
#.........'.......#
####'###..#.......#
#####..###..#########
#...R...#..>...#
#..O@...#......#
#.......#......#
#.......+......#
################


You could see the friendly Naoschotz the ancestor and an ogre (ally target).

Vanquished Creatures
  A bombardier beetle (D:3)
  A howler monkey (D:4)
  An adder (D:3)
  2 gnolls
  2 dart slugs (D:1)
  2 ribbon worms (D:2)
  An orc (D:2)
  3 ball pythons
  15 endoplasms
  6 giant cockroaches
  3 goblins
  3 hobgoblins
  4 jackals (D:2)
  10 kobolds
  2 quokkas
  7 bats
  7 frilled lizards
  2 rats (D:2)
72 creatures vanquished.

Vanquished Creatures (collateral kills)
  Crazy Yiuf (D:3)
  6 gnolls (D:3)
  2 ribbon worms
  An endoplasm (D:1)
10 creatures vanquished.

Grand Total: 82 creatures vanquished

Notes
Turn   | Place    | Note
-------+----------+-------------------------------------------
     0 | D:1      | BeKind the Octopode Ice Elementalist began the quest for
                  | the Orb.
     0 | D:1      | Reached XP level 1. HP: 11/11 MP: 3/3
   135 | D:1      | Reached XP level 2. HP: 17/17 MP: 3/5
   412 | D:1      | Reached XP level 3. HP: 21/21 MP: 6/6
   458 | D:1      | Learned a level 3 spell: Summon Ice Beast
   974 | D:2      | Reached skill level 1 in Summonings
   979 | D:2      | Reached XP level 4. HP: 27/27 MP: 7/7
  1039 | D:2      | Learned a level 3 spell: Frozen Ramparts
  1497 | D:3      | Found Jiloune's Assorted Antiques.
  1516 | D:3      | Identified the +1 pair of boots "Heodidik" {rElec Will++}
  1523 | D:3      | Reached XP level 5. HP: 25/31 MP: 9/9
  1716 | D:3      | Found Bojerchuefi's Jewellery Boutique.
  1844 | D:3      | Found a hide-covered altar of Uskayaw.
  1845 | D:3      | Found a hazy altar of Hepliaklqana.
  1850 | D:3      | Found a shadowy altar of Dithmenos.
  1852 | D:3      | Found a sparkling altar of Nemelex Xobeh.
  1855 | D:3      | Became a worshipper of Hepliaklqana the Forgotten
  1857 | D:3      | Found an ancient bone altar of Kikubaaqudgha.
  1859 | D:3      | Found a burning altar of Makhleb.
  1865 | D:3      | Found an opulent altar of Gozag.
  1874 | D:3      | Found a shimmering blue altar of Sif Muna.
  1927 | D:3      | Found Guatumpy's Assorted Antiques.
  2085 | D:3      | Found a runed translucent door.
  2086 | D:3      | Noticed Crazy Yiuf
  2218 | D:3      | Killed Crazy Yiuf
  2219 | D:3      | Reached XP level 6. HP: 36/36 MP: 6/10
  2332 | D:4      | Found a blossoming altar of Fedhas.
  2378 | D:4      | Identified the +0 plate armour of Qeghuk {rC+ Will+}
  2434 | D:4      | Found a staircase to the Ecumenical Temple.
  2487 | D:4      | Reached * piety under Hepliaklqana
  2717 | D:4      | Slain by an ogre

Illustrated notes

Levels and vault maps discovered:
D:1:      minmay_arrival_three_doors, layout_rooms, serial_bayou_ford_a,
          kennysheep_boxes
D:2:      layout_basic, minmay_close_crescents
D:3:      layout_basic, nicolae_overflow_hallway_of_the_gods, serial_shops,
          shop, nicolae_shop_overgrown_old_shop, shop, gup_sewer_entry_pipe,
          uniq_crazy_yiuf_cottage
D:4:      layout_gridville, fedhas_altar_3, minmay_temple_entry_mist,
          nicolae_letterblocks [nicolae_letter_subblock,
          nicolae_letter_subblock, nicolae_letter_subblock,
          nicolae_letter_subblock, nicolae_letter_subblock,
          nicolae_letter_subblock, nicolae_letter_subblock,
          nicolae_letter_subblock, nicolae_letter_subblock,
          nicolae_letter_subblock, nicolae_letter_subblock,
          nicolae_letter_subblock, nicolae_letter_subblock,
          nicolae_letter_subblock, nicolae_letter_subblock,
          nicolae_letter_subblock, nicolae_letter_subblock,
          nicolae_letter_subblock, nicolae_letter_subblock,
          nicolae_letter_subblock, nicolae_letter_subblock,
          nicolae_letter_subblock, nicolae_letter_subblock,
          nicolae_letter_subblock, nicolae_letter_subblock]

Skill      XL: |  1  2  3  4  5  6 |
---------------+-------------------+-----
Stealth        | 3 |  3.0
Summonings     | 1 2 3 |  3.0
Dodging        | 3 |  3.5
Spellcasting   | 3 |  3.2
Ice Magic      | |  4.9

Action                     |  1- 3 |  4- 6 || total
---------------------------+-------+-------++-------
  Melee: Unarmed           |    15 |       ||    15
         Tentacles         |    12 |    13 ||    25
         Constrict         |    14 |    14 ||    28
         Dagger            |    34 |    44 ||    78
   Cast: Freeze            |    14 |     1 ||    15
         Summon Ice Beast  |     1 |     8 ||     9
         Frozen Ramparts   |       |     1 ||     1
   Stab: Sleeping          |     8 |    11 ||    19
 Armour: Skin              |    14 |    14 ||    28
  Dodge: Dodged            |    28 |    17 ||    45

Table legend: (Time is in decaauts)
 A = Elapsed time spent in this place.
 B = Non-inter-level travel time spent in this place.
 C = Inter-level travel time spent in this place.
 D = Time resting spent in this place.
 E = Time spent auto-exploring this place.
 F = Levels seen in this place.
 G = Mean time per level.
                   A        B        C        D        E       F      G
               +--------+--------+--------+--------+--------+-----+--------+
         Total |   2715 |   2579 |    136 |      0 |   2096 |   4 |  678.8 |
       Dungeon |   2715 |   2579 |    136 |      0 |   2096 |   4 |  678.8 |
               +--------+--------+--------+--------+--------+-----+--------+

Top non-repeatable levels by time:
     D:3: 925 daAuts
     D:1: 740 daAuts
     D:2: 631 daAuts
     D:4: 417 daAuts
